[Event "FISU WUMSCC Men 2024"]
[Site "Entebbe"]
[Date "2024.06.27"]
[Round "5.1"]
[White "Walter, Szymon"]
[Black "Szpar, Milosz"]
[Result "0-1"]
[ECO "C01"]
[WhiteElo "2313"]
[BlackElo "2497"]
[Annotator "TA"]
[PlyCount "74"]
[EventDate "2024.06.24"]
[EventType "swiss"]
[EventCountry "UGA"]
[SourceTitle "playchess.com"]
[Source "ChessBase"]
[SourceQuality "1"]
[TimeControl "5400+30"]

1. e4 e6 2. d4 d5 3. exd5 exd5 4. Nf3 Nf6 5. Bd3 c5 6. Qe2+ Be7 {[%emt 0:04:37] [#] aiming for ...c4.} 7. Bb5+ Nc6 8. Ne5 {[%emt 0:06:52] Black is slightly better.} Bd7 ({Stronger than} 8... cxd4 9. Nxc6 bxc6 10. Bxc6+ Bd7 11. Bxa8 $16) 9. c3 O-O 10. Bxc6 bxc6 11. O-O Re8 12. Bf4 Qb6 13. Nxd7 Nxd7 14. Qd2 (14. dxc5 $1 $15 Nxc5 (14... Bxc5 15. Qd2 $17) 15. Qc2) 14... cxd4 $17 15. cxd4 Bf6 {[%emt 0:00:13] Black is more active.} 16. Nc3 Qxd4 17. Qxd4 Bxd4 18. Rfd1 Bxc3 19. bxc3 Re4 (19... Nb6 $142 20. Rab1 g6) 20. Rd4 Nc5 21. Kf1 {[%emt 0:00:55] Inhibits Re2.} Rxd4 22. cxd4 {[%emt 0:01:34][%mdl 4096] Endgame. KRB-KRN} Ne6 23. Be3 Rb8 {[%emt 0:00:05] Inhibits Rb1.} 24. Rc1 Rb6 25. g4 g6 26. Kg2 (26. a4 $17) 26... f5 $19 27. gxf5 gxf5 28. Kf3 (28. a4 {was necessary.}) 28... Kf7 29. h4 h5 30. Kg3 Ra6 {[%emt 0:01:08][%cal Oa6a3] And now ...Ra3! would win.} 31. a4 f4+ (31... Rxa4 32. Rxc6 Ra3 (32... Nxd4 33. Rc7+ Ke6 34. Rh7 $17) 33. Kg2 $19) 32. Bxf4 Nxd4 33. Re1 {[%emt 0:00:50] Wards off Ne2+} Nf5+ 34. Kh3 Rxa4 35. Bg5 a5 36. Re5 Ng7 37. f4 $2 {[%emt 0:01:16] [#]} (37. Re7+ Kg6 38. Rd7) 37... Re4 {[%emt 0:00:13] Weighted Error Value: White=0.37/Black=0.03 (flawless) .  Mistake:       	White=4     	Black=1      Inaccurate:     	White=3     	---        OK:         	White=9     	Black=20     Best:        	White=3     	Black=4} 0-1

[Event "FISU WUMSCC Men 2024"]
[Site "Entebbe"]
[Date "2024.06.27"]
[Round "5.2"]
[White "Gatineau, Yovann"]
[Black "Szustakowski, Antoni"]
[Result "1/2-1/2"]
[ECO "D39"]
[WhiteElo "2414"]
[BlackElo "2362"]
[Annotator "RC"]
[PlyCount "110"]
[EventDate "2024.06.24"]
[EventType "swiss"]
[EventCountry "UGA"]
[SourceTitle "playchess.com"]
[Source "ChessBase"]
[SourceQuality "1"]
[TimeControl "5400+30"]

1. d4 Nf6 2. c4 e6 3. Nf3 d5 4. Nc3 dxc4 5. e4 Bb4 6. Bg5 h6 7. Bxf6 Qxf6 8. Bxc4 c5 9. O-O O-O 10. e5 Qd8 11. Ne4 cxd4 12. Qe2 Be7 13. Bd3 Nd7 14. a3 Qb6 15. Rac1 Rd8 16. h4 Nf8 17. Nfd2 Bd7 18. Nc4 Qc7 19. Qg4 Bc6 20. Rfe1 Ng6 21. f4 Bxh4 22. g3 Be7 23. Nf6+ Bxf6 24. exf6 gxf6 25. Bxg6 fxg6 26. Rxe6 Qg7 27. Qe2 Re8 28. Nd6 Rxe6 29. Qxe6+ Kh7 30. Rd1 f5 31. Qe5 Qxe5 32. fxe5 Rd8 33. Rxd4 Rd7 34. Kf2 Re7 35. Nc4 g5 36. Na5 Rxe5 37. Nxc6 bxc6 38. Rd7+ Kg6 39. Rxa7 Rb5 40. b4 c5 41. Ra5 Rb8 42. Rxc5 Kf6 43. b5 Ke6 44. a4 Ra8 45. Rc6+ Kd5 46. Rf6 Rxa4 47. Rxf5+ Ke4 48. g4 Ra2+ 49. Kg3 Rb2 50. Rf6 Rb3+ 51. Kg2 Rxb5 52. Rxh6 Kf4 53. Ra6 Rb2+ 54. Kg1 Kxg4 55. Ra3 Rc2 1/2-1/2

[Event "FISU WUMSCC Men 2024"]
[Site "Entebbe"]
[Date "2024.06.27"]
[Round "5.3"]
[White "Mladek, Richard"]
[Black "Thilakarathne, G M H"]
[Result "1/2-1/2"]
[ECO "E48"]
[WhiteElo "2385"]
[BlackElo "2356"]
[Annotator "RC"]
[PlyCount "40"]
[EventDate "2024.06.24"]
[EventType "swiss"]
[EventCountry "UGA"]
[SourceTitle "playchess.com"]
[Source "ChessBase"]
[SourceQuality "1"]
[TimeControl "5400+30"]

1. d4 Nf6 2. c4 e6 3. Nc3 Bb4 4. e3 O-O 5. Bd3 d5 6. cxd5 exd5 7. a3 Bd6 8. Qc2 a6 9. Nge2 Nbd7 10. b4 a5 11. b5 c5 12. O-O g6 13. Nf4 c4 14. Be2 Nb6 15. f3 Bf5 16. Qd1 h5 17. Qe1 Bxf4 18. exf4 Re8 19. Qd2 a4 20. Bb2 Qd6 1/2-1/2

[Event "FISU WUMSCC Men 2024"]
[Site "Entebbe"]
[Date "2024.06.27"]
[Round "5.4"]
[White "Horak, Martin"]
[Black "Turcan, Richard"]
[Result "0-1"]
[ECO "B30"]
[WhiteElo "2333"]
[BlackElo "2374"]
[Annotator "RC"]
[PlyCount "90"]
[EventDate "2024.06.24"]
[EventType "swiss"]
[EventCountry "UGA"]
[SourceTitle "playchess.com"]
[Source "ChessBase"]
[SourceQuality "1"]
[TimeControl "5400+30"]

1. e4 c5 2. Nf3 Nc6 3. Bb5 e6 4. O-O Nge7 5. d4 cxd4 6. Nxd4 Ng6 7. Be2 Qc7 8. Nb5 Qb8 9. a4 a6 10. N5a3 Bd6 11. g3 O-O 12. Nc4 Bc7 13. Be3 b6 14. f4 d5 15. exd5 Rd8 16. d6 Bxd6 17. Nxd6 Rxd6 18. Qe1 Nd4 19. Bxd4 Rxd4 20. Bf3 Bb7 21. Qe3 Rd8 22. Nc3 Bxf3 23. Qxf3 Qc7 24. Rad1 Ne7 25. Rd3 Nc6 26. Rfd1 Rxd3 27. Rxd3 h6 28. Ne4 Rd8 29. c3 Na5 30. Qd1 Rxd3 31. Qxd3 Qc6 32. Qd8+ Kh7 33. Qd3 f5 34. Nd6 Qxa4 35. b4 Nb3 36. Nxf5 Qa1+ 37. Kg2 Qa2+ 38. Kh3 Nc1 39. Qe3 exf5 40. Qxc1 Qe2 41. c4 g5 42. fxg5 hxg5 43. Qxg5 Qf1+ 44. Kh4 Qxc4+ 45. Kh5 Qg4+ 0-1

[Event "FISU WUMSCC Men 2024"]
[Site "Entebbe"]
[Date "2024.06.27"]
[Round "5.5"]
[White "Mthembu, Lovers"]
[Black "Defromont, Benjamin"]
[Result "0-1"]
[ECO "C50"]
[WhiteElo "1876"]
[BlackElo "2380"]
[Annotator "RC"]
[PlyCount "96"]
[EventDate "2024.06.24"]
[EventType "swiss"]
[EventCountry "UGA"]
[SourceTitle "playchess.com"]
[Source "ChessBase"]
[SourceQuality "1"]
[TimeControl "5400+30"]

1. e4 e5 2. Nf3 Nc6 3. Bc4 g6 4. O-O Bg7 5. a3 d6 6. Nc3 Nf6 7. d3 O-O 8. Bg5 h6 9. Be3 Kh7 10. Qd2 Ng4 11. h3 Nxe3 12. fxe3 f5 13. Rf2 Ne7 14. Bb3 c6 15. Raf1 d5 16. exf5 Nxf5 17. e4 Ng3 18. Re1 d4 19. Ne2 Nxe2+ 20. Qxe2 Qe7 21. Ref1 Bd7 22. Qd2 Rf4 23. Qb4 Qxb4 24. axb4 Raf8 25. g3 R4f6 26. Kg2 g5 27. Ng1 Rxf2+ 28. Rxf2 Rxf2+ 29. Kxf2 Bf8 30. Nf3 Bxb4 31. Nxe5 Bxh3 32. g4 Bd6 33. Kg3 Bxg4 34. Kxg4 Bxe5 35. Kf5 Bc7 36. Bf7 Kg7 37. Be8 a5 38. Bd7 a4 39. Bc8 b5 40. Bd7 b4 41. Bxc6 a3 42. bxa3 bxa3 43. Bd5 Bd8 44. e5 h5 45. Ke4 Bb6 46. Kf5 g4 47. e6 Bd8 48. Ke4 g3 0-1

[Event "FISU WUMSCC Men 2024"]
[Site "Entebbe"]
[Date "2024.06.27"]
[Round "5.6"]
[White "Nyola Wasswa Mark"]
[Black "Almuntasir, mohamed khalifah"]
[Result "1-0"]
[ECO "C00"]
[WhiteElo "2067"]
[BlackElo "1724"]
[Annotator "NA RC"]
[PlyCount "57"]
[EventDate "2024.06.24"]
[EventType "swiss"]
[EventCountry "UGA"]
[SourceTitle "playchess.com"]
[Source "ChessBase"]
[SourceQuality "1"]
[TimeControl "5400+30"]

1. e4 e6 2. d3 d5 3. Nd2 dxe4 4. dxe4 e5 5. Ngf3 Nc6 6. Bb5 {[%emt 0:00:38] C00: French: Unusual White 2nd moves.} Bc5 7. O-O Qe7 8. Nc4 Bd6 9. Na5 Bd7 10. Nxb7 Nf6 11. Nxd6+ cxd6 12. Re1 O-O 13. c3 Rab8 14. a4 Rfc8 15. b3 Na5 16. Ba3 Rb6 17. Bb4 Nb7 18. Bxd7 Qxd7 19. a5 Rb5 20. Qe2 Nc5 21. Nd2 Na6 22. Bxd6 Rxc3 23. Nc4 Rcxb3 24. Bxe5 Qe6 25. Bxf6 Qxf6 26. e5 $18 Qc6 27. Nd6 Rb2 28. Qg4 Rc5 29. Nf5 1-0

[Event "FISU WUMSCC Men 2024"]
[Site "Entebbe"]
[Date "2024.06.27"]
[Round "5.7"]
[White "Alfaitori, Abdallah"]
[Black "Jakab, Bela"]
[Result "1/2-1/2"]
[ECO "D30"]
[WhiteElo "1947"]
[BlackElo "2390"]
[Annotator "RC"]
[PlyCount "70"]
[EventDate "2024.06.24"]
[EventType "swiss"]
[EventCountry "UGA"]
[SourceTitle "playchess.com"]
[Source "ChessBase"]
[SourceQuality "1"]
[TimeControl "5400+30"]

1. d4 d5 2. c4 e6 3. Nf3 Nf6 4. Bg5 Be7 5. e3 O-O 6. Bd3 dxc4 7. Bxc4 c5 8. O-O h6 9. Bh4 cxd4 10. Nxd4 e5 11. Nf3 Qc7 12. Qb3 Nc6 13. Rc1 Ne4 14. Bxe7 Qxe7 15. Bd5 Nf6 16. Bxc6 bxc6 17. Qc3 Re8 18. Qc5 Qb7 19. Nbd2 e4 20. Nd4 Be6 21. Qxc6 Qxb2 22. Nxe4 Nxe4 23. Qxe4 Bxa2 24. Qg4 Be6 25. Nxe6 Rxe6 26. Qf3 Ree8 27. g3 a5 28. Rab1 Qa2 29. Ra1 Qe6 30. Rc5 a4 31. Qc6 Qb3 32. Rb5 Qd3 33. Rb4 a3 34. Ra4 Rac8 35. R4xa3 Qf5 1/2-1/2

[Event "FISU WUMSCC Men 2024"]
[Site "Entebbe"]
[Date "2024.06.27"]
[Round "5.8"]
[White "Alinda Collins"]
[Black "Alrehaili, Ahmed Abdullah S"]
[Result "0-1"]
[ECO "C02"]
[WhiteElo "1845"]
[BlackElo "2134"]
[Annotator "RC"]
[PlyCount "102"]
[EventDate "2024.06.24"]
[EventType "swiss"]
[EventCountry "UGA"]
[SourceTitle "playchess.com"]
[Source "ChessBase"]
[SourceQuality "1"]
[TimeControl "5400+30"]

1. e4 e6 2. d4 d5 3. e5 c5 4. c3 Bd7 5. Nf3 Qb6 6. a3 Bb5 7. c4 Bxc4 8. Bxc4 dxc4 9. d5 exd5 10. Qxd5 Ne7 11. Qxc4 Qa6 12. Qxc5 Nd7 13. Qc2 Rc8 14. Nc3 Ng6 15. Be3 Bb4 16. Rd1 Bxc3+ 17. bxc3 Rc7 18. Qf5 Qc4 19. Bd4 O-O 20. Nd2 Qc6 21. O-O Qxg2+ 22. Kxg2 Nh4+ 23. Kg1 Nxf5 24. Ne4 h6 25. Rfe1 Rc6 26. Rb1 b6 27. Rb5 Re8 28. Rd5 Nf8 29. Rd1 Ng6 30. Nd6 Rd8 31. Rd3 Nxd6 32. Rxd6 Rdxd6 33. exd6 Rxd6 34. Re3 Re6 35. Rxe6 fxe6 36. Kf1 e5 37. Be3 Kf7 38. Ke2 Nf4+ 39. Kf3 Nd5 40. Bd2 b5 41. Ke4 Ke6 42. Kf3 g5 43. Kg4 Nf6+ 44. Kf3 Kf5 45. Ke2 e4 46. h3 Nd5 47. Kd1 Nf4 48. a4 a6 49. Bxf4 Kxf4 50. axb5 axb5 51. Ke2 h5 0-1

[Event "FISU WUMSCC Men 2024"]
[Site "Entebbe"]
[Date "2024.06.27"]
[Round "5.9"]
[White "Selepe, Lwazi"]
[Black "Alshnaiber, Yazeed"]
[Result "1/2-1/2"]
[ECO "C63"]
[WhiteElo "1913"]
[BlackElo "1831"]
[Annotator "NA RC"]
[PlyCount "187"]
[EventDate "2024.06.24"]
[EventType "swiss"]
[EventCountry "UGA"]
[SourceTitle "playchess.com"]
[Source "ChessBase"]
[SourceQuality "1"]
[TimeControl "5400+30"]

1. e4 e5 2. Nf3 Nc6 3. Bb5 f5 4. d3 fxe4 5. dxe4 Nf6 6. O-O Bc5 7. Qd3 d6 8. Nc3 O-O {[%emt 0:00:51] C63: Ruy Lopez: Schliemann/Jaenisch Defence.} 9. Nd5 Nxd5 10. exd5 Ne7 11. c4 c6 12. dxc6 bxc6 13. Bxc6 Nxc6 14. Qd5+ Kh8 15. Qxc6 Bg4 16. Ng5 h6 17. Ne4 Rc8 18. Qb7 Bd4 19. Be3 $11 Rxc4 20. Bxd4 Rxd4 21. f3 Bf5 22. Qxa7 Bxe4 23. fxe4 Rxf1+ 24. Rxf1 Rxe4 25. Qf7 Rb4 26. Qf8+ Qxf8 27. Rxf8+ Kh7 28. b3 Rb6 29. Kf2 Ra6 30. a4 Rb6 31. Rf3 e4 32. Rc3 d5 33. a5 Rb5 34. a6 Ra5 35. Rc6 d4 36. Re6 Ra2+ 37. Ke1 d3 38. Rxe4 Rxa6 39. Rd4 Ra1+ 40. Kf2 Ra2+ 41. Kf3 d2 42. Ke2 Rb2 43. Rd3 g5 44. g4 Kg6 45. Rd6+ Kg7 46. Rb6 d1=Q+ 47. Kxd1 Rxh2 48. Rc6 Rb2 49. Rc3 Rg2 50. Rc4 h5 51. gxh5 Kh6 52. Rc2 Rg1+ 53. Kd2 Kxh5 54. Kd3 Rb1 55. Rh2+ Kg4 56. Rg2+ Kf4 57. Kc2 Rh1 58. Kd3 g4 59. Rf2+ Kg3 60. Rb2 Kf3 61. b4 g3 62. Kc4 Rh2 63. Rb3+ Kf4 64. Rb1 Rc2+ 65. Kd5 g2 66. b5 Rb2 67. Rxb2 g1=Q 68. Rb4+ Kf5 69. b6 Qg2+ 70. Kc5 Qb7 71. Kb5 Ke5 72. Rc4 Kd6 73. Rc7 Qd5+ 74. Ka6 Qa2+ 75. Kb7 Qa5 76. Rc6+ Kd5 77. Rc7 Qa1 78. Kb8 Kd6 79. b7 Qe5 80. Rc8 Kd7+ 81. Ka7 Qa5+ 82. Kb8 Qb6 83. Ka8 Qa6+ 84. Kb8 Qa5 85. Rg8 Qe5+ 86. Ka8 Qd5 87. Rc8 Qa2+ 88. Kb8 Qa5 89. Rg8 Qa1 90. Rc8 Qe5+ 91. Ka8 Qd5 92. Kb8 Qd6+ 93. Ka8 Qa6+ 94. Kb8 1/2-1/2